 Dungeon Crawl Stone Soup version 0.31.0-11-ge490571c62 (webtiles) character file.

Game seed: 15496357676683174670

321 qw the Shooter (level 6, 0/32 HPs)
             Began as a Spriggan Hunter on Feb 4, 2024.
             Slain by a gnoll
             ... wielding a +0 flail
              (4 damage)
             ... on level 3 of the Dungeon.
             The game lasted 00:01:27 (1908 turns).

qw the Shooter (Spriggan Hunter)                    Turns: 1908, Time: 00:01:28

Health: 0/32       AC:  2    Str:  7    XL:     6   Next: 22%
Magic:  7/7        EV: 20    Int: 11    God:
Gold:   132        SH:  0    Dex: 20    Spells: 5/5 levels left

rFire   . . .        a - +0 shortbow
rCold   . . .        (shield currently unavailable)
rNeg    . . .        c - +0 robe
rPois   .            (helmet restricted)
rElec   .            (no cloak)
rCorr   .            (gloves unavailable)
SInv    +            (boots unavailable)
Will    +....        d - amulet of faith
Stlth   ++           (no ring)
HPRegen 0.25/turn    (no ring)
MPRegen 0.10/turn

%: faith
@: very quick
A: very small, no large weapons, unfitting armour, see invisible, speed 3
a: no special abilities


You were on level 3 of the Dungeon.
You visited 1 branch of the dungeon, and saw 3 of its levels.

You collected 132 gold pieces.


Innate Abilities, Weirdness & Mutations

You are very small and have problems with some larger weapons.
You are too small for most types of armour.
You have supernaturally acute eyesight. (SInv)
You cover ground extremely quickly. (Speed+++)


   Skills:
 - Level 3.6 Fighting
 + Level 5.4 Ranged Weapons
 - Level 5.0 Dodging
 - Level 1.5 Stealth


You had 5 spell levels left.
You didn't know any spells.
Your spell library was empty.

Inventory:

Hand Weapons
 a - a +0 shortbow (weapon)
Armour
 c - a +0 robe (worn)
Jewellery
 d - an amulet of faith (around neck)
 g - a ring of ice
Wands
 e - a wand of quicksilver (6)
Scrolls
 f - a scroll of identify
 h - a scroll of brand weapon {unknown}
Potions
 b - a potion of enlightenment

Dungeon Overview and Level Annotations

Branches:
Dungeon (3/15)

Altars:
Fedhas


Message History

You hear a shout!
A gnoll comes into view. It is wielding a +0 club.
You shoot an arrow. The arrow hits the gnoll.
The gnoll is heavily wounded.
The gnoll misses you.
You shoot an arrow.
The arrow hits the gnoll but does no damage.
The gnoll is heavily wounded.
The gnoll hits you with a +0 club.
You shoot an arrow. The arrow hits the gnoll.
The gnoll is almost dead.
The gnoll hits you with a +0 club.
You shoot an arrow. The arrow closely misses the gnoll.
The gnoll misses you.
You shoot an arrow. The arrow closely misses the gnoll.
The gnoll misses you.
You shoot an arrow. The arrow hits the gnoll!
You kill the gnoll!
The gnoll barely misses you.
You shoot an arrow. The arrow barely misses the gnoll.
The gnoll hits you with a +0 flail. The gnoll misses you.
You shoot an arrow. The arrow barely misses the gnoll.
The gnoll misses you. The gnoll hits you with a +0 flail!
You shoot an arrow. The arrow closely misses the gnoll.
The gnoll completely misses you. The gnoll hits you with a +0 flail.
You shoot an arrow.
The arrow hits the gnoll but does no damage.
The gnoll barely misses you. The gnoll closely misses you.
You shoot an arrow.
The arrow hits the gnoll but does no damage.
The gnoll misses you.
The gnoll hits you with a +1 flail of protection.
The gnoll closely misses you. The gnoll barely misses you.
You shoot an arrow. The arrow hits the gnoll.
The gnoll is heavily wounded.
The gnoll barely misses you. The gnoll closely misses you.
You shoot an arrow. The arrow hits the gnoll!
You kill the gnoll!
The gnoll hits you with a +0 flail.
You die...

.......#####..#
##.#..######.##
#...#......#
#.#...........
#.....######
#.#.##..<..... #...###
#.#.##.......# #...#
#.#.###......#
.#####.#.# #.#.#
#......#
.........##### #.#.#
#.####.#
...#.........#######.#
#. .#
.#...##>####....@)# #.
.# #.## #...
######g.....# .. ...
###..[ ....... ..
..... ....... . ....
....... . #### .......
....... #######


You could see a gnoll.

Vanquished Creatures
  Sigmund (D:3)
  Jessica (D:2)
  2 gnolls (D:3)
  7 adders
  A ribbon worm (D:2)
  2 orcs (D:3)
  2 bats
  6 endoplasms
  3 giant cockroaches (D:2)
  7 goblins
  5 hobgoblins
  3 jackals (D:3)
  2 quokkas
  6 ball pythons
  2 frilled lizards
  7 kobolds
  8 rats
65 creatures vanquished.

Notes
Turn   | Place    | Note
-------+----------+-------------------------------------------
     0 | D:1      | qw the Spriggan Hunter began the quest for the Orb.
     0 | D:1      | Reached XP level 1. HP: 10/10 MP: 2/2
     0 | D:1      | 0 ||| qw: Version: 0.3-a-160-g6735b56
     0 | D:1      | 0 ||| qw: Game counter: 5958
     0 | D:1      | 0 ||| qw: Melee chars always use a shield: true
     0 | D:1      | 0 ||| qw: God list: Okawaru
     0 | D:1      | 0 ||| qw: Allow faded altars: false
     0 | D:1      | 0 ||| qw: Do Orc after clearing Dungeon:15 true
     0 | D:1      | 0 ||| qw: Do second Lair branch before Depths: true
     0 | D:1      | 0 ||| qw: Lair rune preference: random
     0 | D:1      | 0 ||| qw: Goals: Normal
     0 | D:1      | 0 ||| PLANNING D:1-11
    11 | D:1      | Reached skill level 3 in Dodging
   146 | D:1      | Reached XP level 2. HP: 14/14 MP: 3/3
   787 | D:1      | 787 ||| READING scroll labelled PIPLEB FAVVISE.
   787 | D:1      | 787 ||| IDENTIFYING silvery potion
   788 | D:1      | 788 ||| READING scroll labelled KICERH GOLLEDGH.
   789 | D:1      | 789 ||| READING scroll labelled WIOLUA PUIFRITI.
   790 | D:1      | 790 ||| DROPPING scroll of butterflies.
   874 | D:2      | Reached XP level 3. HP: 5/18 MP: 4/4
   874 | D:2      | HP: 4/18 [poisoned by an adder]
   875 | D:2      | 875 ||| DRINKING potion of heal wounds.
   937 | D:2      | Noticed Jessica
   945 | D:2      | Killed Jessica
   946 | D:2      | Reached XP level 4. HP: 22/22 MP: 5/5
   975 | D:2      | HP: 5/22 [ribbon worm (8)]
   976 | D:2      | HP: 2/22 [ribbon worm (3)]
  1002 | D:2      | 1002 ||| FLEEEEING.
  1017 | D:2      | 1017 ||| FLEEEEING.
  1018 | D:2      | 1018 ||| FLEEEEING.
  1019 | D:2      | 1019 ||| FLEEEEING.
  1020 | D:2      | 1020 ||| FLEEEEING.
  1021 | D:2      | 1021 ||| FLEEEEING.
  1024 | D:2      | 1024 ||| FLEEEEING.
  1025 | D:2      | 1025 ||| FLEEEEING.
  1027 | D:2      | 1027 ||| FLEEEEING.
  1028 | D:2      | 1028 ||| FLEEEEING.
  1029 | D:2      | 1029 ||| FLEEEEING.
  1030 | D:2      | 1030 ||| FLEEEEING.
  1031 | D:2      | 1031 ||| FLEEEEING.
  1032 | D:2      | 1032 ||| FLEEEEING.
  1036 | D:2      | 1036 ||| FLEEEEING.
  1037 | D:2      | 1037 ||| FLEEEEING.
  1038 | D:2      | 1038 ||| FLEEEEING.
  1039 | D:2      | 1039 ||| FLEEEEING.
  1040 | D:2      | 1040 ||| FLEEEEING.
  1041 | D:2      | 1041 ||| FLEEEEING.
  1046 | D:2      | 1046 ||| FLEEEEING.
  1047 | D:2      | 1047 ||| FLEEEEING.
  1049 | D:2      | 1049 ||| FLEEEEING.
  1050 | D:2      | 1050 ||| FLEEEEING.
  1051 | D:2      | 1051 ||| FLEEEEING.
  1052 | D:2      | 1052 ||| FLEEEEING.
  1053 | D:2      | 1053 ||| FLEEEEING.
  1054 | D:2      | 1054 ||| FLEEEEING.
  1058 | D:2      | 1058 ||| STAIRDANCE
  1081 | D:1      | 1081 ||| READING scroll of identify.
  1081 | D:1      | 1081 ||| IDENTIFYING brown potion
  1082 | D:1      | 1082 ||| DROPPING potion of degeneration.
  1537 | D:2      | 1537 ||| UPGRADING to amulet of faith.
  1542 | D:2      | 1542 ||| READING scroll of identify.
  1542 | D:2      | 1542 ||| IDENTIFYING glowing silvery potion
  1543 | D:2      | 1543 ||| READING scroll labelled CEUNKI HEOTZ.
  1544 | D:2      | 1544 ||| READING scroll labelled VUITUP TANGUA.
  1545 | D:2      | 1545 ||| DRINKING 2 fizzy black potions.
  1546 | D:2      | 1546 ||| FLEEEEING.
  1547 | D:2      | 1547 ||| FLEEEEING.
  1548 | D:2      | 1548 ||| FLEEEEING.
  1549 | D:2      | 1549 ||| FLEEEEING.
  1550 | D:2      | 1550 ||| FLEEEEING.
  1551 | D:2      | 1551 ||| FLEEEEING.
  1552 | D:2      | 1552 ||| FLEEEEING.
  1553 | D:2      | 1553 ||| FLEEEEING.
  1554 | D:2      | 1554 ||| FLEEEEING.
  1555 | D:2      | 1555 ||| FLEEEEING.
  1556 | D:2      | 1556 ||| FLEEEEING.
  1557 | D:2      | 1557 ||| FLEEEEING.
  1558 | D:2      | 1558 ||| FLEEEEING.
  1559 | D:2      | 1559 ||| FLEEEEING.
  1560 | D:2      | 1560 ||| FLEEEEING.
  1561 | D:2      | 1561 ||| FLEEEEING.
  1562 | D:2      | 1562 ||| FLEEEEING.
  1563 | D:2      | 1563 ||| FLEEEEING.
  1564 | D:2      | 1564 ||| FLEEEEING.
  1565 | D:2      | 1565 ||| FLEEEEING.
  1566 | D:2      | 1566 ||| FLEEEEING.
  1567 | D:2      | 1567 ||| FLEEEEING.
  1568 | D:2      | 1568 ||| FLEEEEING.
  1569 | D:2      | 1569 ||| FLEEEEING.
  1570 | D:2      | 1570 ||| FLEEEEING.
  1571 | D:2      | 1571 ||| FLEEEEING.
  1572 | D:2      | 1572 ||| FLEEEEING.
  1573 | D:2      | 1573 ||| FLEEEEING.
  1574 | D:2      | 1574 ||| FLEEEEING.
  1575 | D:2      | 1575 ||| FLEEEEING.
  1576 | D:2      | 1576 ||| FLEEEEING.
  1577 | D:2      | 1577 ||| FLEEEEING.
  1578 | D:2      | 1578 ||| FLEEEEING.
  1579 | D:2      | 1579 ||| FLEEEEING.
  1580 | D:2      | 1580 ||| FLEEEEING.
  1581 | D:2      | 1581 ||| FLEEEEING.
  1582 | D:2      | 1582 ||| FLEEEEING.
  1583 | D:2      | 1583 ||| FLEEEEING.
  1584 | D:2      | 1584 ||| FLEEEEING.
  1585 | D:2      | 1585 ||| FLEEEEING.
  1586 | D:2      | 1586 ||| FLEEEEING.
  1587 | D:2      | 1587 ||| FLEEEEING.
  1588 | D:2      | 1588 ||| STAIRDANCE
  1690 | D:1      | 1690 ||| DROPPING potion of berserk rage.
  1705 | D:3      | Found a blossoming altar of Fedhas.
  1719 | D:3      | Noticed Sigmund
  1720 | D:3      | 1720 ||| ZAPPING wand of quicksilver (8) at -6,2 (Sigmund;
                  | floor).
  1721 | D:3      | 1721 ||| ZAPPING wand of quicksilver (7) at -6,2 (Sigmund;
                  | floor).
  1721 | D:3      | Killed Sigmund
  1722 | D:3      | Reached skill level 3 in Fighting
  1722 | D:3      | Reached XP level 5. HP: 28/28 MP: 6/6
  1722 | D:3      | Reached XP level 6. HP: 32/32 MP: 7/7
  1904 | D:3      | HP: 5/32 [gnoll/+0 flail (4)]
  1908 | D:3      | Slain by a gnoll

Levels and vault maps discovered:
D:1:      roderic_crossed_star, layout_loops_ring, minivault_4,
          minmay_misc_feat_tower, minmay_fountain_box
D:2:      layout_rooms, minmay_randomly_rotated_circles, uniq_jessica
D:3:      layout_rooms, mainiacjoe_overflow_alcove_4, mainiacjoe_overflow_paths,
          uniq_sigmund

Skill      XL: |  1  2  3  4 |
---------------+-------------+-----
Dodging        | 3 4 5 |  5.0
Ranged Weapons | 5 |  5.4
Fighting       | 3 |  3.6
Stealth        | |  1.5

Action                     |  1- 3 |  4- 6 || total
---------------------------+-------+-------++-------
   Fire: Shortbow          |   117 |    95 ||   212
  Evoke: Wand              |       |     2 ||     2
    Use: Scroll            |     3 |     4 ||     7
         Potion            |     1 |     1 ||     2
 Armour: Robe              |    19 |    23 ||    42
  Dodge: Dodged            |    56 |    40 ||    96

Table legend:
 A = Non-vault XP
 B = Vault XP
 C = Vault XP percentage of total XP
 D = Non-vault monster count
 E = Vault monster count
 F = Vault count percentage of total count
                 A         B        C        D         E       F
            +---------+---------+-------+---------+---------+-------
      Total |     179 |     294 |  62.2 |      53 |      12 |  18.5
            +---------+---------+-------+---------+---------+-------
        D:1 |      34 |       0 |   0.0 |      23 |       0 |   0.0
        D:2 |      85 |      68 |  44.4 |      18 |      11 |  37.9
        D:3 |      60 |     226 |  79.0 |      12 |       1 |   7.7
            +---------+---------+-------+---------+---------+-------
